[Event "RUS-chT Premier League Women 2018"]
[Site "Sochi"]
[Date "2018.05.03"]
[Round "3"]
[White "Dordzhieva, Dinara"]
[Black "Bivol, Alina"]
[Result "0-1"]
[ECO "E84"]
[WhiteElo "2303"]
[BlackElo "2327"]
[Annotator "NA"]
[PlyCount "120"]
[EventDate "2018.??.??"]
[EventCountry "RUS"]
[SourceTitle "playchess.com"]
[Source "ChessBase"]
[SourceQuality "1"]
[TimeControl "40/5400+30:1800+30"]

1. d4 Nf6 2. c4 g6 3. Nc3 Bg7 4. e4 d6 5. f3 O-O 6. Be3 Nc6 7. Nge2 a6 8. Qd2 Rb8 9. Rc1 Bd7 10. Nd1 {[%emt 0:00:14] E84: King's Indian: Sämisch Panno: 7 Nge2 a6 8 Qd2 Rb8} (10. h4 h5 11. Nd1 e5 12. d5 Ne7 13. Nf2 Nh7 14. c5 f5 15. Qb4 fxe4 16. fxe4 Rf6 17. cxd6 cxd6 {1-0 (37) Kovalenko,I (2667)-Smirin,I (2676) Poikovsky 2016}) 10... Re8 11. Nf2 e6 12. g4 b5 13. cxb5 axb5 14. Bg2 Qc8 $146 ({Predecessor:} 14... e5 15. d5 Ne7 16. O-O c5 17. dxc6 Bxc6 {1-0 (86) Alexa,J (2343)-Verst,P (2300) ICCF email 2015}) 15. O-O Qa6 16. b3 Rec8 17. Rc2 Nd8 18. Rfc1 c6 19. Nd3 Be8 20. Bf4 Nb7 21. Nb4 Qb6 22. Be3 c5 23. Nd3 Rd8 24. dxc5 dxc5 25. b4 Nd7 26. bxc5 Ndxc5 27. Rxc5 Nxc5 28. Bxc5 Qa6 29. Qe3 Qxa2 30. e5 Qa4 31. Bd6 Rbc8 32. Nc5 Qa7 33. Kh1 b4 34. f4 Bc6 35. Bxc6 Rxc6 36. Qe4 Qa8 37. Rb1 Bf8 38. Bxf8 Kxf8 39. Nd4 Rxc5 40. Qxa8 Rxa8 41. Rxb4 Ra1+ 42. Kg2 Ra2+ 43. Kf3 Rc3+ 44. Ke4 Rc8 45. h3 Rca8 $19 46. Rb6 R2a4 47. Rd6 Ke8 48. f5 R8a6 49. fxe6 fxe6 50. Rxa6 Rxa6 51. Nf3 Ra4+ 52. Ke3 Kd7 53. Kf2 Ra3 54. Kg2 Re3 55. Kf2 Re4 56. Kg3 h6 57. Nh4 g5 58. Ng6 Ke8 59. h4 Ra4 60. h5 Ra8 0-1

[Event "RUS-chT Premier League Women 2018"]
[Site "Sochi"]
[Date "2018.05.03"]
[Round "3"]
[White "Styazhkina, Anna"]
[Black "Markelova, Lubov"]
[Result "1-0"]
[ECO "C07"]
[WhiteElo "2299"]
[BlackElo "2144"]
[Annotator "NA"]
[PlyCount "145"]
[EventDate "2018.??.??"]
[EventCountry "RUS"]
[SourceTitle "playchess.com"]
[Source "ChessBase"]
[SourceQuality "1"]
[TimeControl "40/5400+30:1800+30"]

1. e4 e6 2. d4 d5 3. Nd2 c5 4. Ngf3 cxd4 5. Nxd4 Nc6 6. Bb5 Bd7 7. Nxc6 Bxc6 8. Bxc6+ bxc6 9. c4 Nf6 10. Qa4 {[%emt 0:03:11] C07: French Tarrasch: 3...c5, 4 Ngf3 and 4 exd5 Qxd5} Qc7 (10... Qd7 11. e5 Ng4 12. Nf3 f6 13. exf6 gxf6 14. cxd5 exd5 15. O-O Bd6 16. Bf4 c5 17. Rfe1+ Be7 18. Rxe7+ Kxe7 {1-0 (46) Anand,V (2803)-Bartel,M (2622) Berlin 2015}) 11. exd5 exd5 12. O-O Be7 13. b3 O-O 14. Bb2 Rfd8 15. Nf3 Ne4 16. Rac1 $146 ({Predecessor:} 16. cxd5 cxd5 17. Rac1 Qb7 {½-½ (41) Herrmann,H (2294)-Weber,K (2358) GER email 2008}) 16... Nc5 17. Qb4 Nd3 18. Qc3 Nxb2 19. Qxb2 Bf6 20. Qc2 Qa5 21. cxd5 cxd5 22. Rfd1 Qb4 23. Qc6 Qe4 24. Kf1 Qe6 25. Qb7 a5 26. Rc6 Qd7 27. Rc7 Qe6 28. Re1 Qa6+ 29. Qxa6 Rxa6 30. Rd7 Raa8 31. Rxd8+ Rxd8 32. Rc1 d4 33. Ke2 d3+ 34. Kd2 Bb2 35. Rc4 Ba3 36. Rd4 Bb4+ 37. Kxd3 Rc8 38. Rc4 Rd8+ 39. Nd4 g6 40. Kc2 Re8 41. Kd3 Rd8 42. Ke2 Kg7 43. Nc2 Be7 44. Ne3 Bb4 45. Rc2 h5 46. Nc4 Rd5 47. a3 Be7 48. Rd2 Rb5 49. Rd3 Rc5 50. Rd7 $16 Kf6 51. a4 Ke6 52. Ra7 Bd8 53. Ra6+ Kd7 54. Ke3 Rg5 55. g3 Rf5 56. f4 Bc7 57. Kd4 h4 58. Ne3 Rh5 59. g4 Rh8 60. Nd5 Bd8 61. Ra7+ Ke6 62. h3 Rf8 63. Rb7 Rh8 64. Ra7 Rf8 65. Kc5 Rh8 66. Ra6+ Kd7 67. Ra7+ Ke6 68. Kc6 Rf8 69. Ra8 Rh8 70. Ne3 Ke7 71. Nc4 Re8 72. Nd6 Rf8 73. Nb7 1-0

[Event "RUS-chT Premier League Women 2018"]
[Site "Sochi"]
[Date "2018.05.03"]
[Round "3"]
[White "Lysenko, Margarita"]
[Black "Drozdova, Dina"]
[Result "1/2-1/2"]
[ECO "E14"]
[WhiteElo "2220"]
[BlackElo "2186"]
[Annotator "NA"]
[PlyCount "91"]
[EventDate "2018.??.??"]
[EventCountry "RUS"]
[SourceTitle "playchess.com"]
[Source "ChessBase"]
[SourceQuality "1"]
[TimeControl "40/5400+30:1800+30"]

1. d4 Nf6 2. Nf3 e6 3. e3 b6 4. Bd3 Bb7 5. O-O c5 6. c4 Be7 7. Nc3 cxd4 8. exd4 d6 9. Re1 O-O 10. Ng5 h6 11. Nh3 Nbd7 $14 12. Nf4 Re8 13. d5 e5 14. Nh5 Nxh5 15. Qxh5 Nf6 16. Qf3 Bf8 17. Bd2 g6 18. g4 Bc8 19. h3 Bg7 20. Qg3 Ba6 21. Rac1 Rc8 22. b3 Nd7 23. Ne4 Nc5 24. Nxc5 bxc5 25. h4 Rc7 26. Ba5 Bc8 27. Kh1 Rf8 28. Rg1 Qe7 29. Bxc7 Qxc7 30. Rg2 Qa5 31. Bb1 Qd8 32. Rcg1 a5 33. Rh2 Re8 34. Qe3 Bd7 35. h5 g5 36. Be4 Qc8 37. Qf3 Rf8 38. Rhg2 f5 39. gxf5 Bxf5 40. Bxf5 Rxf5 41. Qg4 Qf8 42. Rf1 Qf7 43. Kg1 Bf8 44. Rh2 Kg7 45. Re1 Kh7 46. Re3 1/2-1/2

[Event "RUS-chT Premier League Women 2018"]
[Site "Sochi"]
[Date "2018.05.03"]
[Round "3"]
[White "Nebolsina, Vera"]
[Black "Ovod, Evgenija"]
[Result "0-1"]
[ECO "B22"]
[WhiteElo "2218"]
[BlackElo "2371"]
[Annotator "NA"]
[PlyCount "80"]
[EventDate "2018.??.??"]
[EventCountry "RUS"]
[SourceTitle "playchess.com"]
[Source "ChessBase"]
[SourceQuality "1"]
[TimeControl "40/5400+30:1800+30"]

1. e4 c5 2. c3 d5 3. exd5 Qxd5 4. d4 Nf6 5. Nf3 e6 6. c4 Qd7 7. Nc3 cxd4 8. Nxd4 Bc5 9. Be3 Nc6 10. Ndb5 Bxe3 11. fxe3 O-O 12. Qf3 Qe7 13. Be2 $15 Rd8 14. O-O a6 15. Na3 Rd2 16. c5 Rxb2 17. Qg3 Nd5 18. Nab1 Qxc5 19. Na4 Qb4 20. Nxb2 Qxb2 21. e4 Qxa1 22. exd5 Qd4+ 23. Kh1 Qxd5 24. Rd1 Qa5 25. Nc3 e5 26. Bc4 Bf5 27. Qf3 Be6 28. Bxe6 fxe6 29. Rf1 Qc7 30. Ne4 Nd4 31. Qa3 Rc8 32. h4 h6 33. Nd6 Rd8 34. Nf7 Rd7 35. Qa4 b5 36. Qxa6 Rxf7 37. Qa8+ Kh7 38. Qe4+ g6 39. Rxf7+ Qxf7 40. Qxe5 Qg7 0-1

[Event "RUS-chT Premier League Women 2018"]
[Site "Sochi"]
[Date "2018.05.03"]
[Round "3"]
[White "Smirnova, Ekaterina"]
[Black "Kryukova, Irina"]
[Result "1/2-1/2"]
[ECO "E53"]
[WhiteElo "2153"]
[BlackElo "2261"]
[Annotator "NA"]
[PlyCount "119"]
[EventDate "2018.??.??"]
[EventCountry "RUS"]
[SourceTitle "playchess.com"]
[Source "ChessBase"]
[SourceQuality "1"]
[TimeControl "40/5400+30:1800+30"]

1. d4 Nf6 2. c4 e6 3. Nc3 Bb4 4. e3 O-O 5. Bd3 d5 6. Nf3 c5 7. cxd5 exd5 8. dxc5 Nbd7 9. Bd2 Nxc5 10. Be2 Ba5 11. O-O Bb6 12. Nb5 Nce4 13. Bb4 Re8 14. Nbd4 Bg4 15. Rc1 Rc8 16. Rxc8 Qxc8 17. Bb5 $11 Bd7 18. Bxd7 Qxd7 19. h3 Rc8 20. Qd3 h6 21. Rd1 a6 22. a3 Ba7 23. Ne2 Qc7 24. Rc1 Qd7 25. Rxc8+ Qxc8 26. b3 Qc6 27. Nfd4 Qc7 28. Qc2 Qd7 29. a4 Bb8 30. Nf3 Qc7 31. Qxc7 Bxc7 32. Kf1 Bd6 33. Bxd6 Nxd6 34. Nfd4 Kf8 35. f3 Ke7 36. Nc3 g6 37. Ke2 Nde8 38. Kd3 Nc7 39. g4 Kd6 40. h4 Ne6 41. b4 Nd7 42. f4 Nf6 43. g5 hxg5 44. hxg5 Nh5 45. Nxe6 fxe6 46. Kd4 b6 47. a5 bxa5 48. bxa5 Ng7 49. e4 dxe4 50. Nxe4+ Kc6 51. Ke5 Nh5 52. Nf6 Ng7 53. Ne4 Nh5 54. Nc3 Kc5 55. Ne2 Kc4 56. Kxe6 Kd3 57. Nc1+ Kc2 58. Ne2 Kd3 59. Nc1+ Kc2 60. Ne2 1/2-1/2

[Event "RUS-chT Premier League Women 2018"]
[Site "Sochi"]
[Date "2018.05.03"]
[Round "3"]
[White "Bulatova, Kamaliya"]
[Black "Balaian, Alina"]
[Result "1-0"]
[ECO "A59"]
[WhiteElo "2037"]
[BlackElo "2228"]
[Annotator "NA"]
[PlyCount "89"]
[EventDate "2018.??.??"]
[EventCountry "RUS"]
[SourceTitle "playchess.com"]
[Source "ChessBase"]
[SourceQuality "1"]
[TimeControl "40/5400+30:1800+30"]

1. d4 Nf6 2. c4 c5 3. d5 b5 4. cxb5 a6 5. bxa6 g6 6. Nc3 Bxa6 7. e4 Bxf1 8. Kxf1 d6 9. g3 Bg7 {[%emt 0:00:25] A59: Benko/Volga Gambit: White castles by hand} 10. Nf3 Nbd7 (10... O-O 11. Kg2 Na6 12. Qe2 Qb6 13. Rd1 Qb7 14. Rb1 Nd7 15. Bg5 Rfe8 16. a3 Nc7 17. Qc2 Nb6 18. a4 Rac8 19. b3 e6 20. dxe6 Nxe6 {1-0 (27) Jakovenko,D (2714)-Zvjaginsev,V (2673) Moscow 2016}) 11. a4 O-O 12. Kg2 Qb6 13. Qe2 Ne8 14. Bg5 f6 15. Bd2 Nc7 $11 {[%emt 0:00:26] keeps the balance.} 16. Rab1 $146 ({Predecessor:} 16. h4 Rfb8 17. h5 Qa6 18. Qxa6 Rxa6 19. hxg6 hxg6 {1-0 (57) Toth,B (2347)-Karn,T (2131) Budapest 2017}) 16... Qb3 {[%emt 0:07:41] [#]} 17. Ra1 (17. h4 $1 $16) 17... Rfb8 18. Rhb1 Nb6 19. Ra3 $16 Qc4 20. Qe3 Qa6 21. b3 Qb7 22. a5 Nc8 23. Ra4 Na6 24. h4 Qd7 25. Ne1 Rb7 26. Qe2 Nb4 27. Na2 Na6 28. Ra3 e6 29. b4 cxb4 30. Nxb4 exd5 31. exd5 Qf7 32. Nec2 Ne7 33. Qf3 Nc5 34. Re1 Rba7 35. Nd4 Rxa5 36. Rxa5 Rxa5 37. Rxe7 Qxe7 38. Nbc6 Qe4 39. Bxa5 f5 40. Qxe4 Nxe4 41. Ne6 Bb2 42. Bb4 Nf6 43. Nc7 Kf7 44. Bxd6 Nxd5 45. Nd8+ 1-0

[Event "RUS-chT Premier League Women 2018"]
[Site "Sochi"]
[Date "2018.05.03"]
[Round "3"]
[White "Selifonova, Aleksandra"]
[Black "Tomashevskaya, Lidia"]
[Result "1-0"]
[ECO "B16"]
[WhiteElo "1890"]
[BlackElo "2172"]
[Annotator "NA"]
[PlyCount "87"]
[EventDate "2018.??.??"]
[EventCountry "RUS"]
[SourceTitle "playchess.com"]
[Source "ChessBase"]
[SourceQuality "1"]
[TimeControl "40/5400+30:1800+30"]

1. e4 c6 2. d4 d5 3. Nc3 dxe4 4. Nxe4 Nf6 5. Nxf6+ gxf6 6. Be3 Nd7 7. Qh5 Nb6 8. Nf3 Be6 9. b3 Qd7 10. Nh4 (10. c4 $16) 10... Nd5 11. h3 Nxe3 12. fxe3 $11 Qd6 13. Bd3 Qg3+ 14. Ke2 O-O-O 15. Be4 Qg5 16. Qxg5 fxg5 17. Nf5 Bxf5 18. Bxf5+ e6 19. Bd3 Bg7 20. c3 h5 21. Raf1 Rhf8 22. Rf2 c5 23. Rhf1 cxd4 24. exd4 f5 25. Bc4 Kc7 26. Kd3 Kd6 27. Ke3 h4 28. Be2 Kc7 29. Bc4 e5 30. d5 f4+ 31. Ke4 a6 32. Be2 Kd6 33. c4 a5 34. Bg4 Kc5 35. Rd2 Rd6 36. Rfd1 b5 37. cxb5 Kxb5 38. Rc2 Ra8 39. Rc7 Bf6 40. Rdc1 Rad8 41. Rb7+ Ka6 42. Rcc7 a4 43. Be2+ Ka5 44. b4# 1-0

[Event "RUS-chT Premier League Women 2018"]
[Site "Sochi"]
[Date "2018.05.04"]
[Round "4"]
[White "Voit, Daria"]
[Black "Selifonova, Aleksandra"]
[Result "1-0"]
[ECO "E04"]
[WhiteElo "2382"]
[BlackElo "1890"]
[Annotator "NA"]
[PlyCount "85"]
[EventDate "2018.??.??"]
[EventCountry "RUS"]
[SourceTitle "playchess.com"]
[Source "ChessBase"]
[SourceQuality "1"]
[TimeControl "40/5400+30:1800+30"]

1. Nf3 Nf6 2. c4 e6 3. d4 d5 4. g3 dxc4 5. Bg2 Nc6 6. Qa4 Bb4+ 7. Bd2 Nd5 8. Bxb4 {[%emt 0:03:56] E04: Open Catalan: 5 Nf3} Ndxb4 9. Na3 (9. Ne5 O-O 10. Nxc6 Nxc6 11. e3 e5 12. d5 Ne7 13. Qxc4 c6 14. dxc6 Nxc6 15. Nc3 Be6 16. Qb5 Qb6 17. Qxb6 axb6 {½-½ (31) Wojtaszek,R (2744)-Mamedyarov,S (2814) Shamkir 2018}) 9... a6 10. Ne5 O-O $146 ({Predecessor:} 10... Bd7 $5 11. O-O b5 12. Qd1 Nxe5 13. Bxa8 Qxa8 14. dxe5 Qe4 15. Qd2 Nd5 {0-1 (63) Gopal,G (2566)-Savchenko,B (2609) Moscow 2012}) 11. Nxc6 Nxc6 12. Bxc6 bxc6 13. Qxc4 Rb8 14. b3 a5 15. Nc2 Rb6 16. Qc3 Qd5 17. O-O Ba6 18. Rfe1 Qh5 19. f3 Qg6 20. Rac1 $16 Ra8 21. Qxa5 Bb7 22. Qe5 Rb5 23. Qxc7 h5 24. d5 exd5 25. Nd4 Rc8 26. Qd7 Rb6 27. Nf5 Qe6 28. Qxe6 fxe6 29. Ne7+ Kf7 30. Nxc8 Bxc8 31. e4 d4 32. Red1 e5 33. Rc5 Kf6 34. f4 Ra6 35. Rxe5 Rxa2 36. Rxd4 Ra1+ 37. Kf2 Ra2+ 38. Ke3 Rxh2 39. Rd6+ Kf7 40. Rxc6 Bg4 41. Rc7+ Kf6 42. Rb5 Be6 43. f5 1-0

[Event "RUS-chT Premier League Women 2018"]
[Site "Sochi"]
[Date "2018.05.04"]
[Round "4"]
[White "Styazhkina, Anna"]
[Black "Kovanova, Baira"]
[Result "0-1"]
[ECO "C47"]
[WhiteElo "2299"]
[BlackElo "2358"]
[Annotator "NA"]
[PlyCount "88"]
[EventDate "2018.??.??"]
[EventCountry "RUS"]
[SourceTitle "playchess.com"]
[Source "ChessBase"]
[SourceQuality "1"]
[TimeControl "40/5400+30:1800+30"]

1. e4 e5 2. Nf3 Nc6 3. Nc3 Nf6 4. a3 d6 5. d4 Bg4 {[%emt 0:04:53] C47: Scotch Four Knights and Four Knights with 4 g3} 6. d5 (6. dxe5 dxe5 7. Qxd8+ Rxd8 8. Bb5 Bxf3 9. gxf3 Bd6 10. Bg5 O-O 11. Bxf6 gxf6 12. Nd5 Nd4 13. Bd3 Nxf3+ {½-½ (55) Safarli,E (2639)-Anton Guijarro,D (2666) Riadh 2017}) 6... Nd4 7. Be2 Nxe2 8. Qxe2 Bd7 $146 ({Predecessor:} 8... Nd7 9. h3 Bxf3 10. Qxf3 Be7 11. Qg4 Bf6 12. h4 a6 13. h5 {½-½ (95) Neimer,V (2420)-Aaron,D (2257) Wheeling 2013}) 9. h3 h6 10. Nh2 g6 11. Ng4 Nh5 12. Be3 Bg7 13. g3 a6 14. O-O-O Qe7 15. Bd2 b5 16. Ne3 O-O 17. Nf5 gxf5 18. Qxh5 Qf6 19. g4 Qg6 20. Qh4 fxe4 21. Rhg1 f6 22. Rde1 c6 23. Nxe4 cxd5 24. Nxd6 Rac8 25. Nxc8 Rxc8 26. c3 b4 27. Qh5 Qd3 28. Rg3 Qc4 29. Qg6 Be8 30. Qc2 bxa3 31. b3 Qc5 32. f4 e4 33. f5 Bb5 34. c4 Qf2 35. Rge3 Bf8 36. R3e2 Qb6 37. Bc3 Bxc4 38. bxc4 Rxc4 39. Kd1 Qc6 40. Rd2 Rxc3 41. Qa2 Rc1+ 42. Ke2 Qb5+ $19 (42... Rxe1+ $142 43. Kxe1 Bb4) 43. Kf2 Rxe1 44. Kxe1 Bb4 0-1

[Event "RUS-chT Premier League Women 2018"]
[Site "Sochi"]
[Date "2018.05.04"]
[Round "4"]
[White "Suslova, Alena"]
[Black "Nikitina, Elena"]
[Result "1-0"]
[ECO "E06"]
[WhiteElo "2153"]
[BlackElo "2047"]
[Annotator "NA"]
[PlyCount "143"]
[EventDate "2018.??.??"]
[EventCountry "RUS"]
[SourceTitle "playchess.com"]
[Source "ChessBase"]
[SourceQuality "1"]
[TimeControl "40/5400+30:1800+30"]

1. c4 e6 2. Nf3 d5 3. g3 Nf6 4. Bg2 c5 5. d4 Nc6 6. O-O Be7 7. cxd5 Nxd5 8. dxc5 Bxc5 9. Qc2 Be7 10. a3 {[%emt 0:03:16] E06: Closed Catalan: Early deviations} (10. Rd1 Bd7 11. Nc3 Nxc3 12. bxc3 O-O 13. Bf4 Qc8 14. Rab1 Rd8 15. Bg5 h6 16. Bxe7 Nxe7 17. Ne5 Bc6 18. Rxd8+ Qxd8 19. Nxc6 bxc6 {1-0 (85) Miton,K (2601)-Kovalenko,I (2653) Wroclaw 2014}) 10... Bd7 11. e4 Nb6 12. Nc3 O-O 13. Rd1 Rc8 14. Bf4 {[%emt 0:03:37] LiveBook: 6 Games} Qe8 {[%emt 0:05:12] [#]} 15. Qd3 $146 ({Predecessor:} 15. Qe2 Na5 16. Ne5 Ba4 17. Nxa4 Qxa4 18. Nd3 Nb3 19. Rab1 Rfd8 20. Be3 {½-½ (20) Miles,A (2550)-Lima,D (2420) New York 1997}) 15... Na5 16. Ne5 Ba4 17. Nxa4 Qxa4 18. Rac1 Rcd8 19. Qe2 Nb3 20. Rxd8 Bxd8 21. Rd1 Be7 22. Be3 f6 23. Nf3 e5 24. Bh3 Nc5 25. Bxc5 Bxc5 26. Rc1 Bd6 27. Be6+ Kh8 28. h4 Qe8 29. Ba2 g6 30. h5 Qd7 31. Nh4 Kg7 32. Kg2 Nc8 33. Qe3 a6 34. Rh1 Rh8 35. Qb3 Rf8 36. Qe3 Rh8 37. h6+ Kf8 38. Qb3 Ke8 39. Rc1 Kd8 40. Qe3 Re8 41. Bd5 Bb8 42. Qb3 Re7 43. Rd1 Bd6 44. Qf3 Qa4 45. b3 Qxa3 46. Qxf6 Kc7 47. Bf7 Qb4 48. Rc1+ Kb8 49. Rc4 Qd2 50. Nxg6 Rc7 51. Nxe5 Be7 52. Qe6 Rxc4 53. Nxc4 $18 Qd4 54. Bg8 Qf6 55. Qxf6 Bxf6 56. f4 b5 57. Ne3 a5 58. e5 Be7 59. Bxh7 Bf8 60. Ng4 a4 61. bxa4 bxa4 62. Bg8 Ne7 63. h7 Bg7 64. Kf3 Nf5 65. Ne3 Nd4+ 66. Ke4 Ne2 67. g4 Kc7 68. Nd5+ Kd8 69. Nb4 Ke8 70. Na2 Kf8 71. Ke3 Ng3 72. Bc4 1-0

[Event "RUS-chT Premier League Women 2018"]
[Site "Sochi"]
[Date "2018.05.04"]
[Round "4"]
[White "Mamontova, Anastasia"]
[Black "Khatmullina, Dilara"]
[Result "1-0"]
[ECO "A41"]
[WhiteElo "2051"]
[BlackElo "1860"]
[Annotator "NA"]
[PlyCount "71"]
[EventDate "2018.??.??"]
[EventCountry "RUS"]
[SourceTitle "playchess.com"]
[Source "ChessBase"]
[SourceQuality "1"]
[TimeControl "40/5400+30:1800+30"]

1. d4 d6 2. c4 e5 3. d5 f5 4. Nc3 Nf6 5. e4 fxe4 {[%emt 0:04:26] A41: 1 d4 d6: Tartakower System and Modern Defence} (5... g6 6. Bd3 Bg7 7. exf5 gxf5 8. Qc2 Qd7 9. Nh3 Na6 10. a3 Nc5 11. Be2 a5 12. Be3 h6 13. O-O {0-1 (27) Flom,G (2448)-Onischuk,V (2623) Bastia 2017}) 6. Nge2 Be7 7. Ng3 O-O 8. Ncxe4 Nxe4 9. Nxe4 Bf5 10. Bd3 Qe8 11. Ng3 Bxd3 12. Qxd3 Na6 $146 ({Predecessor:} 12... Nd7 13. Be3 {½-½ (43) Payen,A (2356)-Joie,S (2113) Le Touquet 2009}) 13. Be3 Nb4 {[%emt 0:07:04] [#]} 14. Qc3 (14. Qb3 $1 $16 a5 15. a3) 14... a5 15. a3 Na6 16. Qxa5 Nc5 17. Qc3 Bf6 (17... e4 $142) 18. Bxc5 dxc5 19. Ne4 Qg6 20. Nxf6+ Rxf6 21. O-O e4 22. Rae1 $18 Raf8 23. Qe3 Rf4 24. Qxc5 b6 25. Qxc7 e3 26. fxe3 Rxf1+ 27. Rxf1 Rxf1+ 28. Kxf1 Qd3+ 29. Kf2 Qd2+ 30. Kf3 Qd1+ 31. Ke4 Qc2+ 32. Ke5 Qxg2 33. Qc8+ Kf7 34. Qe6+ Kf8 35. Kd6 Qxh2+ 36. Kd7 1-0

[Event "RUS-chT Premier League Women 2018"]
[Site "Sochi"]
[Date "2018.05.04"]
[Round "4"]
[White "Grigorieva, Yulia"]
[Black "Nasybullina, Alfia"]
[Result "0-1"]
[ECO "D20"]
[WhiteElo "1969"]
[BlackElo "2140"]
[Annotator "NA"]
[PlyCount "100"]
[EventDate "2018.??.??"]
[EventCountry "RUS"]
[SourceTitle "playchess.com"]
[Source "ChessBase"]
[SourceQuality "1"]
[TimeControl "40/5400+30:1800+30"]

1. d4 d5 2. c4 dxc4 3. e3 e5 4. Bxc4 Nc6 5. d5 Na5 6. Be2 c6 7. Nc3 Nf6 8. e4 Bb4 9. Qa4 Bxc3+ 10. bxc3 Bd7 11. Bg5 cxd5 12. Bb5 Qc7 13. Rd1 $17 O-O 14. Bxf6 Bxb5 15. Qxb5 gxf6 16. Ne2 dxe4 17. O-O Qc4 18. Qxa5 Qxe2 19. Rde1 Qc4 20. f4 Rfe8 21. Re3 Re6 22. Rg3+ Kh8 23. Rd1 b6 24. Qxa7 Qc5+ 25. Kh1 Qf8 26. Qd7 exf4 27. Rh3 e3 28. Qd3 Qg8 29. Qe2 Rd8 30. Rxh7+ Qxh7 31. Rxd8+ Kg7 32. Rd4 Qb1+ 33. Rd1 Qf5 34. h3 Re5 35. Kg1 Rc5 36. c4 Qe4 37. h4 Rxc4 38. Qg4+ Qg6 39. Qf3 Rc2 40. h5 Qg3 41. h6+ Kxh6 42. a4 e2 43. Rb1 e1=Q+ 44. Rxe1 Qxe1+ 45. Kh2 Qh4+ 46. Qh3 Qxh3+ 47. Kxh3 Kg5 48. a5 bxa5 49. g4 f5 50. gxf5 Kxf5 0-1

[Event "RUS-chT Premier League Women 2018"]
[Site "Sochi"]
[Date "2018.05.04"]
[Round "4"]
[White "Baiburina, Kamilla"]
[Black "Denikina, Natalia"]
[Result "1/2-1/2"]
[ECO "B50"]
[WhiteElo "1860"]
[BlackElo "2174"]
[Annotator "NA"]
[PlyCount "158"]
[EventDate "2018.??.??"]
[EventCountry "RUS"]
[SourceTitle "playchess.com"]
[Source "ChessBase"]
[SourceQuality "1"]
[TimeControl "40/5400+30:1800+30"]

1. e4 c5 2. Nf3 d6 3. c3 Nf6 4. Be2 Nbd7 5. Qc2 Qc7 6. O-O g6 {[%emt 0:00:16] B50: Sicilian: 2...d6, Miscellaneous} (6... b6 7. c4 Bb7 8. Nc3 e6 9. d4 cxd4 10. Nxd4 Be7 11. Be3 Rc8 12. Rfd1 a6 13. f3 O-O 14. Qd2 {½-½ (31) Jones,G (2657)-Hracek,Z (2598) Gjakova 2016}) 7. Re1 Bg7 8. d3 O-O 9. Nbd2 b6 10. Nf1 Bb7 11. Ng3 e5 $146 12. Bd2 d5 13. Bf1 Rfe8 14. Qc1 dxe4 15. dxe4 c4 16. Bh6 Bh8 17. h4 Ng4 18. Bg5 Nf8 19. Nh2 Nxh2 20. Kxh2 Ne6 21. Qe3 Nf4 22. f3 Bg7 23. Qf2 Ne6 24. Be3 Bf6 25. Ne2 Rad8 26. a4 Be7 27. Nc1 Rd7 28. a5 Bc5 29. Bxc5 Nxc5 30. Bxc4 Nxe4 31. fxe4 Qxc4 32. Qe3 Red8 33. b3 Qe6 34. Ra2 Kg7 35. axb6 axb6 36. Rf2 h5 37. Qg3 Rd1 38. Rxd1 Rxd1 39. Nd3 Bxe4 40. Qxe5+ Qxe5+ 41. Nxe5 f5 42. Nc4 b5 43. Na3 Bc6 44. Nc2 Rd3 45. c4 bxc4 46. Nb4 Rd6 47. bxc4 Be4 48. Nc2 Rd3 49. Re2 Rc3 50. Ne3 Kf7 51. Kg1 Bd3 52. Ra2 Bxc4 53. Nxc4 Rxc4 54. g3 Rg4 55. Kh2 f4 56. gxf4 $17 Rxf4 57. Kg3 Rg4+ 58. Kh3 Re4 59. Ra7+ Kf6 60. Ra6+ Kf5 61. Ra5+ Re5 62. Ra3 Kf4 63. Ra4+ Re4 64. Ra6 Re3+ 65. Kh2 Kf5 66. Ra5+ Re5 67. Ra6 Re6 68. Ra5+ Kf4 69. Rg5 Rf6 70. Kh3 Re6 71. Kh2 Ra6 72. Kh3 Kf3 73. Rg3+ Ke4 74. Rg5 Rf6 75. Kh2 Rf2+ 76. Kh3 Rf1 77. Kg2 Rf4 78. Kh3 Rf3+ 79. Kg2 Rf6 1/2-1/2

[Event "RUS-chT Premier League Women 2018"]
[Site "Sochi"]
[Date "2018.05.07"]
[Round "6"]
[White "Voit, Daria"]
[Black "Tomashevskaya, Lidia"]
[Result "1/2-1/2"]
[ECO "D27"]
[WhiteElo "2382"]
[BlackElo "2146"]
[Annotator "NA"]
[PlyCount "94"]
[EventDate "2018.??.??"]
[EventCountry "RUS"]
[SourceTitle "playchess.com"]
[Source "ChessBase"]
[SourceQuality "1"]
[TimeControl "40/5400+30:1800+30"]

1. Nf3 d5 2. d4 Nf6 3. c4 c6 4. e3 a6 5. Bd3 dxc4 6. Bxc4 e6 7. O-O c5 8. dxc5 Qxd1 9. Rxd1 Bxc5 10. Be2 Nc6 {[%emt 0:02:24] D27: Queen's Gambit Accepted: Classical main line: 7 e4!? and 7 a4} (10... Nbd7 11. Nbd2 b6 12. Nc4 Bb7 13. b3 O-O {½-½ (12) Le,Q (2737)-Nguyen,N (2630) Riadh 2017}) 11. Nbd2 {[%emt 0:08:29] LiveBook: 37 Games} Ke7 12. Ne1 Rd8 $146 ({Predecessor:} 12... Ne5 13. b3 Bd7 14. Bb2 Bd6 15. Nef3 Bb5 16. Bxb5 Nxf3+ 17. Nxf3 axb5 18. a3 {½-½ (46) Shimanov,A (2488)-Khusenkhojaev,M (2373) Peterhof 2009}) 13. Nd3 Bd6 14. Nc4 Bc7 15. a4 Rb8 16. a5 Nd5 17. Bd2 e5 18. Nc5 $14 f5 19. f3 f4 20. e4 Ndb4 21. Be1 Rxd1 22. Bxd1 b5 23. axb6 Bxb6 24. Nxb6 Rxb6 25. Na4 Rb8 26. Rc1 Bd7 27. Nc5 Nd4 28. Rc4 a5 29. Bxb4 Rxb4 30. Rxb4 axb4 31. Nd3 b3 32. Nxe5 Bb5 33. g3 g5 34. Kf2 Ke6 35. Ng4 h5 36. Nh6 fxg3+ 37. hxg3 Kf6 38. Ke3 Nc2+ 39. Kd2 Bd7 40. f4 gxf4 41. gxf4 Kg6 42. Nf5 Bxf5 43. exf5+ Kxf5 44. Bxh5 Kxf4 45. Kc3 Ke5 46. Kxb3 Ne3 47. Bf7 Nd1 1/2-1/2

[Event "RUS-chT Premier League Women 2018"]
[Site "Sochi"]
[Date "2018.05.07"]
[Round "6"]
[White "Belenkaya, Dina"]
[Black "Chan, Naruna"]
[Result "1-0"]
[ECO "B30"]
[WhiteElo "2297"]
[BlackElo "1927"]
[Annotator "NA"]
[PlyCount "71"]
[EventDate "2018.??.??"]
[EventCountry "RUS"]
[SourceTitle "playchess.com"]
[Source "ChessBase"]
[SourceQuality "1"]
[TimeControl "40/5400+30:1800+30"]

1. e4 c5 2. Nf3 Nc6 3. Bb5 e6 4. O-O Nge7 5. Re1 Nd4 6. Nxd4 cxd4 {[%emt 0:00:06] LiveBook: 180 Games} 7. d3 {[%emt 0:01:16] B30: Sicilian: 2...Nc6 3 Bb5, lines without ...g6} a6 8. Ba4 b5 9. Bb3 Bb7 10. Bf4 $146 ({Predecessor:} 10. Bg5 Qc7 11. Bh4 Ng6 12. Bg3 Bd6 13. c3 Qb6 14. Qh5 Rc8 {½-½ (22) Jones,G (2675)-Iturrizaga Bonelli,E (2624) Dubai 2018}) 10... Nc6 11. Nd2 Be7 12. Bg3 O-O 13. f4 d5 ({Black should try} 13... f5 $11) 14. e5 (14. exd5 $16 exd5 15. a3) 14... Bh4 15. Qg4 Be7 16. Nf3 Bc8 17. Bf2 Bc5 18. Bh4 Be7 19. Bf2 Bc5 20. Ng5 Bd7 21. Kh1 h6 22. Nf3 Rc8 23. Rac1 a5 24. c3 a4 25. Bc2 Qb6 26. Bh4 Kh7 27. a3 $11 (27. c4 $5) 27... Kh8 28. Qh3 Ne7 29. cxd4 Bxd4 30. Bxe7 Rfe8 31. Bg5 Kh7 32. Qh5 Rh8 33. Bb1 Rxc1 34. Rxc1 Kg8 35. Bd8 Qa7 36. Rc7 1-0